 Dungeon Sprint DCSS version 0.24-a0-525-g9231cdcba1 (webtiles) character file.

Game seed: 8977673276274874175

80759 Atelerd the Conqueror (level 27, -55/179 HPs)
             Began as an Octopode Fighter on Aug 2, 2019.
             Was the Champion of Okawaru.
             Killed from afar by an orb of ice (85 damage)
             ... with a great icy blast
             ... in the Dungeon (Sprint VI: "Thunderdome").
             The game lasted 00:44:15 (5580 turns).

Atelerd the Conqueror (Octopode Fighter)            Turns: 5580, Time: 00:44:16

Health: -55/179    AC:  8    Str: 31      XL:     27
Magic:  41/41      EV: 51    Int: 11      God:    Okawaru [******]
Gold:   2952       SH: 31    Dex: 40 (41) Spells: 26/26 levels left

rFire    . . .     SeeInvis +   F - +9 demon trident (freeze)
rCold    . . .     Gourm    .   E - +5 shield {AC+3}
rNeg     + + +     Faith    .   (helmet restricted)
rPois    .         Spirit   .   M - amulet "Uqofepaz" {Reflect rElec rC+ rN++ SH+4}
rElec    +         Reflect  +   r - ring of Untruth {Str+3 SInv}
rCorr    +         Harm     .   o - ring of Bifaod {*Drain rElec MP+9 AC+3 Dex+4}
MR       ++...     Rnd*Rage +   (no ring) Stlth ++........NoTele +
                                q - ring "Otacvovi" {*Drain rElec rCorr Int+4}
HPRegen  0.39/turn              t - ring of Vanity {+Fly rF- Str-4 Dex+9 Stlth+}
MPRegen  0.27/turn              x - ring "Vouss" {rN+ Str+7 Stlth-}
                                e - ring of Res Nullius {*Drain +Inv rF+ Str+3 Dex+5}
                                w - ring of the Hundredfold Demons {rElec rC- rN++ EV+2}

@: mighty, agile, frozen, berserk cooldown, hasted and slowed, studying Maces &
Flails, very slow
A: almost no armour, stealthy swim, amphibious, 8 rings, constrict 8, camouflage
1, berserk 1, clumsy 1, deterioration 2, dopey 2, frail 2, low mp 2, sense
surroundings 1, shaggy fur 1, weak 1, gelatinous body 1, subdued magic 2
0: Orb of Zot
}: 5/15 runes: decaying, barnacled, slimy, elven, silver
a: Heroism, Finesse, Renounce Religion, Evoke Invisibility, Evoke Flight


You were in the Dungeon.
You worshipped Okawaru.
Okawaru was exalted by your worship.
You were hungry.

You visited 1 branch You collected 19250 gold pieces.
You spent 16298 gold pieces at shops.

Inventory:

Hand Weapons
 a - a +0 trident
 F - a +9 demon trident of freezing (weapon)
 Z - a +2 spear of freezing
Armour
 b - a +1 shield of resistance
 z - the +2 hat of the Immovable Queens {rElec}
   (You bought it in a shop in the Dungeon)

   It insulates you from electricity.
 B - the -1 hat "Tahaor" {Int+8 Slay+2}
   (Okawaru gifted it to you in the Dungeon)

   It affects your intelligence (+8).
   It affects your accuracy and damage with ranged weapons and melee attacks
   (+2).
 E - a +5 shield of protection (worn)
 G - a +2 hat of intelligence
 P - the +1 buckler of Indomitability {rPois rF+++ rCorr Dex-5}
   (You bought it in a shop in the Dungeon)

   It affects your dexterity (-5).
   It renders you almost immune to fire.
   It protects you from poison.
   It provides partial protection from all sources of acid and corrosion.
 V - the +0 hat of Ypazxub {Slay+3 SInv Stlth+}
   (Okawaru gifted it to you in the Dungeon)

   It affects your accuracy and damage with ranged weapons and melee attacks
   (+3).
   It lets you see invisible.
   It makes you more stealthy.
Jewellery
 e - the ring of Res Nullius (on tentacle) {*Drain +Inv rF+ Str+3 Dex+5}
   (You bought it in a shop in the Dungeon)

   [ring of dexterity]

   It affects your strength (+3).
   It affects your dexterity (+5).
   It protects you from fire.
   It lets you turn invisible.
   It causes draining when unequipped.
 n - an uncursed ring of ice
 o - the ring of Bifaod (right tentacle) {*Drain rElec MP+9 AC+3 Dex+4}
   (You bought it in a shop in the Dungeon)

   [ring of protection]

   It affects your AC (+3).
   It affects your dexterity (+4).
   It insulates you from electricity.
   It affects your magic capacity (+9).
   It causes draining when unequipped.
 q - the ring "Otacvovi" (on tentacle) {*Drain rElec rCorr Int+4}
   (You bought it in a shop in the Dungeon)

   [ring of resist corrosion]

   It affects your intelligence (+4).
   It insulates you from electricity.
   It provides partial protection from all sources of acid and corrosion.
   It causes draining when unequipped.
 r - the ring of Untruth (left tentacle) {Str+3 SInv}
   (You bought it in a shop in the Dungeon)

   [ring of see invisible]

   It affects your strength (+3).
   It lets you see invisible.
 s - the ring of Lilacs {MR+ Dex+3 Stlth+}
   (You bought it in a shop in the Dungeon)

   [ring of stealth]

   It affects your dexterity (+3).
   It affects your resistance to hostile enchantments.
   It makes you more stealthy.
 t - the ring of Vanity (on tentacle) {+Fly rF- Str-4 Dex+9 Stlth+}
   (You bought it in a shop in the Dungeon)

   [ring of stealth]

   It affects your strength (-4).
   It affects your dexterity (+9).
   It makes you vulnerable to fire.
   It lets you fly.
   It makes you more stealthy.
 u - the ring of Hiuff {rPois rC- Str+4 Int+6}
   (You bought it in a shop in the Dungeon)

   [ring of poison resistance]

   It affects your strength (+4).
   It affects your intelligence (+6).
   It makes you vulnerable to cold.
   It protects you from poison.
 v - the amulet "Dok Berr" {Gourm MR+}
   (You bought it in a shop in the Dungeon)

   [amulet of the gourmand]

   It allows you to eat raw meat even when not hungry.
   It affects your resistance to hostile enchantments.
 w - the ring of the Hundredfold Demons (on tentacle) {rElec rC- rN++ EV+2}
   (You bought it in a shop in the Dungeon)

   [ring of evasion]

   It affects your evasion (+2).
   It makes you vulnerable to cold.
   It insulates you from electricity.
   It greatly protects you from negative energy.
 x - the ring "Vouss" (on tentacle) {rN+ Str+7 Stlth-}
   (You bought it in a shop in the Dungeon)

   [ring of positive energy]

   It affects your strength (+7).
   It protects you from negative energy.
   It makes you less stealthy.
 H - the amulet "Sexziu" {Gourm rPois rF+ MR+}
   (You bought it in a shop in the Dungeon)

   [amulet of the gourmand]

   It allows you to eat raw meat even when not hungry.
   It protects you from fire.
   It protects you from poison.
   It affects your resistance to hostile enchantments.
 J - the amulet "Pithorgh" {Faith Int+2}
   (You bought it in a shop in the Dungeon)

   [amulet of faith]

   It allows you to gain divine favour quickly.
   It affects your intelligence (+2).
 K - the amulet of Winannex {rC- Regen+ Dex+4}
   (You bought it in a shop in the Dungeon)

   [amulet of regeneration]

   It affects your dexterity (+4).
   It makes you vulnerable to cold.
   It increases your rate of regeneration.
 L - the amulet of Jeextal {RegenMP rElec}
   (You bought it in a shop in the Dungeon)

   [amulet of magic regeneration]

   It increases your magic regeneration.
   It insulates you from electricity.
 M - the amulet "Uqofepaz" (around mantle) {Reflect rElec rC+ rN++ SH+4}
   (You bought it in a shop in the Dungeon)

   [amulet of reflection]

   It shields you and reflects attacks.
   It protects you from cold.
   It insulates you from electricity.
   It greatly protects you from negative energy.
   It affects your SH (+4).
Wands
 k - a wand of acid (1)
 l - a wand of iceblast (2)
 R - a wand of clouds (4)
Scrolls
 j - 2 scrolls of blinking
 m - 3 scrolls of fog
 A - a scroll of enchant weapon
 D - 13 scrolls of remove curse
 I - 2 scrolls of identify
 N - 3 scrolls of silence
Potions
 c - 4 potions of mutation
 d - 4 potions of agility
 f - 14 potions of heal wounds
 g - 18 potions of haste
 h - 2 potions of magic
 i - 2 potions of berserk rage
 C - 4 potions of might
 W - 19 potions of curing
Books
 Y - a manual of Maces & Flails
Miscellaneous
 p - a quad damage
 y - a box of beasts
 Q - a quad damage
 S - a quad damage
 U - the horn of Geryon
Comestibles
 O - 4 rations


   Skills:
 O Level 27 Fighting
 O Level 27 Polearms
 O Level 27 Dodging
 O Level 27 Shields
 O Level 27 Invocations
 + Level 21.4 Evocations


You had 26 spell levels left.
You didn't know any spells.
Your spell library contained the following spells:

 Spells                   Type           Power        Failure   Level  Hunger
 Leda's Liquefaction      Hex/Erth       #.........   96%         4    #####..
 Bolt of Magma            Conj/Fire/Erth #.........   100%        5    ######.
 Iron Shot                Conj/Erth      #.........   100%        6    #######
 Statue Form              Tmut/Erth      #........    100%        6    #######
 Shatter                  Erth           #.........   100%        9    #######


Dungeon Overview and Level Annotations

Branches:
Dungeon (1/1)

Altars:
Cheibriados
Dithmenos
Fedhas
Gozag
Kikubaaqudgha
Makhleb
Okawaru
Qazlal
Ru
Sif Muna
Trog
Uskayaw
Vehumet
Wu Jian
Xom
Yredelemnul
Zin
The Shining One
Beogh
Jiyva
Lugonu

Shops:
D [%??*?*:[((!!


Innate Abilities, Weirdness & Mutations

You cannot wear most types of armour.
You are very stealthy in the water. (Stealth+)
You are amphibious.
You can wear up to eight rings at the same time.
You can use your tentacles to constrict eight enemies at once.
Your skin changes colour to match your surroundings (Stealth+).
Your rubbery body absorbs attacks. (AC +1, EV +1)
You tend to lose your temper in combat.
You are clumsy. (Dex -2)
Your body often deteriorates upon taking damage.
You are very dopey. (Int -4)
You are very frail. (-20% HP)
Your magical capacity is very low. (-20% MP)
You passively map a small area around you.
You are covered in fur. (AC +1)
You are weak. (Str -2)
Your spells are easier to cast, but less powerful.


Message History

The orb of ice conjures a mighty blast of ice!
The great icy blast engulfs the Orb Guardian!!!
The Orb Guardian is flash-frozen.
The great icy blast engulfs you!!!
* * * LOW HITPOINT WARNING * * *
Your body deteriorates!
You feel clumsy.
The Orb Guardian is engulfed in freezing vapours.
An Executioner comes into view.
You see here a +3 scythe.
Press: ? - help, v - describe, . - travel
Here: an orb of ice (freezing vapour)
The floor.
You feel much better.
You are engulfed in freezing vapours.
* * * LOW HITPOINT WARNING * * *
The orb of ice is engulfed in freezing vapours.
The Orb Guardian is engulfed in freezing vapours.
The Orb Guardian dies!
The orb of ice glows yellow.
The orb of ice conjures a mighty blast of ice!
The great icy blast engulfs you!!!!
You die...

#⌠....(.....)⌠#
######.8.[)(...[(8)######
##∩___...)..###..)[).)__∩##
#∩.....(..8.# #.8)....(()∩###
.....[.))X..###).(°°§§§§..[.##
........[###..(###°°§○§§).))⌠#
..[......# #.).# #○§*§§☼..).⌠#
(....).[.###[.[###○§§§§§...)⌠#
......(.....###[@☼☼○§§§§.)).##
#∩........8.# #[8☼°☼☼§○○.∩###
##∩___......###X)☼☼○○§○☼∩##
######.8.[|((..(.8.######
#⌠......([...⌠#
###)........### #_.....1..#
#_......._# #_...)..._#


You could see an orb of ice, an Orb Guardian and an Executioner.

Vanquished Creatures
  Mara (D)
  A seraph (D)
  Tiamat (D)
  4 ancient liches (D)
  2 orbs of fire (D)
  A Killer Klown (D)
  Fannar (D)
  Geryon (D)
  3 electric golems (D)
  A Hell Sentinel (D)
  17 tentacled monstrosities (D)
  10 Orb Guardians (D)
  A deep elf blademaster (D)
  8 acid blobs (D)
  A deep elf master archer (D)
  A daeva (D)
  Roxanne (D)
  An azure jelly (D)
  A merfolk avatar (D)
  A deep elf sorcerer (D)
  An emperor scorpion (D)
  A draconian stormcaller (D)
  12 reapers (D)
  A deep elf demonologist (D)
  5 dire elephants (D)
  A deep elf annihilator (D)
  An eidolon (D)
  10 ettins (D)
  A deep elf high priest (D)
  6 great orbs of eyes (D)
  A wizard (D)
  5 hell beasts (D)
  A catoblepas (D)
  A hydra (D)
  2 centaur warriors (D)
  6 dancing weapons (D)
  An iron elemental (D)
  10 hell knights (D)
  3 deep elf knights (D)
  A wretched star (D)
  13 skeletal warriors (D)
  A sun demon (D)
  Nergalle (D)
  An iron troll (D)
  A sixfirhy (D)
  A cherub (D)
  5 deep elf archers (D)
  A swamp dragon (D)
  2 necromancers (D)
  7 phantasmal warriors (D)
  6 wolf spiders (D)
  5 deep elf magi (D)
  13 ugly things (D)
  7 moths of wrath (D)
  A manticore (D)
  A cyclops (D)
  2 rust devils (D)
  A guardian serpent (shapeshifter) (D)
  A hellion (D)
  A komodo dragon (D)
  3 demonic crawlers (D)
  A freezing wraith (D)
  A hellwing (D)
  2 jumping spiders (D)
  2 trolls (D)
  3 tyrant leeches (D)
  2 wraiths (D)
  A ynoxinul (D)
  An air elemental (D)
  2 yaks (D)
  A water elemental (D)
  Eustachio (D)
  A basilisk (D)
  A fire elemental (D)
  Grum (D)
  38 neqoxecs (D)
  A vampire mosquito (D)
  A porcupine (D)
  2 water moccasins (D)
  An ice beast (D)
  An eye of draining (D)
  3 wolves (D)
  3 crocodiles (D)
  4 earth elementals (D)
  A crimson imp (D)
  An iron imp (D)
  A river rat (D)
  3 adders (D)
  A shadow imp (D)
  A white imp (D)
  2 ufetubi (D)
  4 worms (D)
  A ball python (D)
  2 jackals (D)
  A jackal zombie (D)
294 creatures vanquished.

Vanquished Creatures (others)
  An Orb Guardian (D)
  A manticore (D)
2 creatures vanquished.

Grand Total: 296 creatures vanquished

Notes
Turn   | Place    | Note
-------+----------+-------------------------------------------
     0 | D        | Atelerd the Octopode Fighter began the quest for the Orb.
     0 | D        | Reached XP level 1. HP: 16/16 MP: 1/1
     1 | D        | Found a shadowy altar of Dithmenos.
     3 | D        | Found a sacrificial altar of Ru.
     3 | D        | Found an opulent altar of Gozag.
     4 | D        | Found a shimmering altar of Xom.
     4 | D        | Found a glowing golden altar of the Shining One.
     5 | D        | Found a radiant altar of Vehumet.
     5 | D        | Found an ancient bone altar of Kikubaaqudgha.
     5 | D        | Round 1.
     6 | D        | Found Bonim's Identification Station.
     6 | D        | Found a deep blue altar of Sif Muna.
     6 | D        | Found a basalt altar of Yredelemnul.
     6 | D        | Found Nes Hay's Delicious Food.
     7 | D        | Found Haitimoh's Advanced Armour.
     7 | D        | Found Xasounn's Jewellery.
    11 | D        | Found a stormy altar of Qazlal.
    15 | D        | Bought a heavily runed iron ring for 45 gold pieces
    15 | D        | Bought a vibrating bone ring for 45 gold pieces
    15 | D        | Bought a scorched lapis lazuli ring for 45 gold pieces
    15 | D        | Bought a flickering tin ring for 45 gold pieces
    15 | D        | Identified the ring of Untruth {Str+3 SInv} (You bought it
                  | in a shop in the Dungeon)
    16 | D        | Identified the ring of Bifaod {*Drain rElec MP+9 AC+3
                  | Dex+4} (You bought it in a shop in the Dungeon)
    17 | D        | Identified the ring "Ushrinez" {rPois MP+9} (You bought it
                  | in a shop in the Dungeon)
    18 | D        | Identified the ring "Otacvovi" {*Drain rElec rCorr Int+4}
                  | (You bought it in a shop in the Dungeon)
    30 | D        | Found an ornate altar of the Wu Jian Council.
    30 | D        | Found Raycs's Premium Goods.
    31 | D        | Found Oreim's Miscellaneous Merchandise.
    31 | D        | Found Wucrod's Basic Armour.
    32 | D        | Found a bloodstained altar of Trog.
    32 | D        | Found a blossoming altar of Fedhas.
    32 | D        | Found Qadauc's Weapon Rack.
    38 | D        | Found a corrupted altar of Lugonu.
    40 | D        | Found Rumuac's Do-It-Yourself Clinic.
    40 | D        | Found an iron altar of Okawaru.
    40 | D        | Found a glowing silver altar of Zin.
    40 | D        | Found Unam's Distillery.
    41 | D        | Found Umoinapn's Bottled Wisdom.
    41 | D        | Found Estruluri's Distillery.
    51 | D        | Found a roughly hewn altar of Beogh.
    55 | D        | Became a worshipper of Warmaster Okawaru
    68 | D        | Reached XP level 2. HP: 15/22 MP: 2/2
   120 | D        | Found a hide-covered altar of Uskayaw.
   120 | D        | Found a snail-covered altar of Cheibriados.
   120 | D        | Found Yshro Lei's Magic Scroll Shop.
   120 | D        | Found Veus's Magic Scroll Shop.
   121 | D        | Found Jiesmeeka's Must-Have Magic.
   122 | D        | Found a burning altar of Makhleb.
   122 | D        | Found a viscous altar of Jiyva.
   122 | D        | Found Urefutyz's Staff Store.
   131 | D        | Noticed Eustachio
   140 | D        | Killed Eustachio
   140 | D        | Reached * piety under Okawaru
   140 | D        | Reached ** piety under Okawaru
   140 | D        | Reached skill level 5 in Polearms
   140 | D        | Reached XP level 3. HP: 29/30 MP: 3/3
   140 | D        | Reached XP level 4. HP: 35/36 MP: 4/4
   140 | D        | Reached XP level 5. HP: 40/41 MP: 5/5
   147 | D        | Arena points: 12 (+12) [x2]
   234 | D        | Round 2.
   273 | D        | Noticed a water moccasin
   276 | D        | Killed a water moccasin
   276 | D        | Reached XP level 6. HP: 49/49 MP: 6/6
   305 | D        | Noticed a water moccasin
   317 | D        | Killed a water moccasin
   319 | D        | Arena points: 54 (+42) [x3]
   326 | D        | Bought a sparkling silver ring for 45 gold pieces
   326 | D        | Bought a bound ivory ring for 45 gold pieces
   327 | D        | Identified the ring of Vanity {+Fly rF- Str-4 Dex+9 Stlth+}
                  | (You bought it in a shop in the Dungeon)
   328 | D        | Identified the ring of Lilacs {MR+ Dex+3 Stlth+} (You
                  | bought it in a shop in the Dungeon)
   392 | D        | Round 3.
   396 | D        | Noticed Grum
   409 | D        | Killed Grum
   409 | D        | Reached *** piety under Okawaru
   409 | D        | Reached XP level 7. HP: 55/55 MP: 7/7
   539 | D        | Arena points: 138 (+84) [x4]
   552 | D        | Bought a transparent silver ring for 45 gold pieces
   552 | D        | Bought a translucent ruby amulet for 45 gold pieces
   552 | D        | Identified the ring of Res Nullius {*Drain +Inv rF+ Str+3
                  | Dex+5} (You bought it in a shop in the Dungeon)
   553 | D        | Identified the amulet "Dok Berr" {Gourm MR+} (You bought it
                  | in a shop in the Dungeon)
   586 | D        | Round 4.
   630 | D        | Reached XP level 8. HP: 63/63 MP: 8/8
   641 | D        | Noticed a komodo dragon
   643 | D        | Noticed a yak
   649 | D        | Killed a yak
   661 | D        | Killed a komodo dragon
   661 | D        | Reached skill level 10 in Fighting
   661 | D        | Reached skill level 10 in Dodging
   661 | D        | Reached skill level 10 in Shields
   713 | D        | Noticed a yak
   721 | D        | Killed a yak
   721 | D        | Reached **** piety under Okawaru
   721 | D        | Arena points: 278 (+140) [x5]
   729 | D        | Bought a coiled amber ring for 45 gold pieces
   729 | D        | Bought a scintillating bronze ring for 45 gold pieces
   729 | D        | Identified the ring of Hiuff {rPois rC- Str+4 Int+6} (You
                  | bought it in a shop in the Dungeon)
   731 | D        | Identified the ring of the Hundredfold Demons {rElec rC-
                  | rN++ EV+2} (You bought it in a shop in the Dungeon)
   732 | D        | Bought a heavily runed golden ring for 45 gold pieces
   733 | D        | Identified the ring "Vouss" {rN+ Str+7 Stlth-} (You bought
                  | it in a shop in the Dungeon)
   755 | D        | Round 5.
   756 | D        | Noticed a swamp dragon
   766 | D        | Killed a swamp dragon
   766 | D        | Reached skill level 10 in Polearms
   766 | D        | Reached XP level 9. HP: 54/71 MP: 9/9
   778 | D        | Noticed a witch
   793 | D        | Killed a witch
   793 | D        | Arena points: 558 (+280) [x7]
   798 | D        | Got a decaying rune of Zot
   799 | D        | Reached XP level 10. HP: 65/80 MP: 10/10
   820 | D        | Bought a steaming hat for 315 gold pieces
   825 | D        | Identified the +2 hat of the Immovable Queens {rElec} (You
                  | bought it in a shop in the Dungeon)
  1006 | D        | Round 6.
  1017 | D        | Reached ***** piety under Okawaru
  1071 | D        | Arena points: 942 (+384) [x8]
  1084 | D        | Bought a dazzling shield for 332 gold pieces
  1094 | D        | Identified the cursed +0 shield of Midwinter {-Cast +Inv
                  | rF+ Dex+5} (You bought it in a shop in the Dungeon)
  1100 | D        | Round 7.
  1122 | D        | Gained mutation: You are partially covered in icy blue
                  | scales. (AC +2) [a neqoxec]
  1123 | D        | Gained mutation: You occasionally shout uncontrollably at
                  | your foes. [a neqoxec]
  1128 | D        | Received a gift from Okawaru
  1128 | D        | Reached XP level 11. HP: 77/85 MP: 11/11
  1197 | D        | Arena points: 1446 (+504) [x9]
  1236 | D        | Round 8.
  1239 | D        | Noticed a deep elf mage
  1245 | D        | Killed a deep elf mage
  1258 | D        | Bought 4 potions of haste for 280 gold pieces
  1265 | D        | Noticed a deep elf mage
  1274 | D        | Killed a deep elf mage
  1308 | D        | Noticed a deep elf archer
  1324 | D        | Killed a deep elf archer
  1341 | D        | Noticed a deep elf archer
  1343 | D        | Noticed a deep elf mage
  1352 | D        | Killed a deep elf mage
  1357 | D        | Killed a deep elf archer
  1369 | D        | Noticed a +0 mace of protection
  1373 | D        | Noticed a deep elf archer
  1384 | D        | Killed a +0 mace of protection
  1386 | D        | Killed a deep elf archer
  1386 | D        | Arena points: 2166 (+720) [x10]
  1407 | D        | Bought 5 potions of berserk rage for 175 gold pieces
  1407 | D        | Bought 6 potions of might for 168 gold pieces
  1407 | D        | Bought 2 potions of mutation for 112 gold pieces
  1407 | D        | Lost mutation: You occasionally shout uncontrollably at
                  | your foes. [potion of mutation]
  1407 | D        | Lost mutation: You are partially covered in icy blue
                  | scales. (AC +2) [potion of mutation]
  1407 | D        | Gained mutation: You can translocate small distances at
                  | will. [potion of mutation]
  1407 | D        | Gained mutation: One of your tentacles bears a spike.
                  | [potion of mutation]
  1438 | D        | Round 9.
  1451 | D        | Received a gift from Okawaru
  1540 | D        | Gained mutation: Your spells are a little easier to cast,
                  | but a little less powerful. [a neqoxec]
  1543 | D        | Gained mutation: You are clumsy. (Dex -2) [a neqoxec]
  1558 | D        | Gained mutation: You are frail. (-10% HP) [a neqoxec]
  1566 | D        | Lost mutation: You are clumsy. (Dex -2) [potion of
                  | mutation]
  1566 | D        | Lost mutation: You are frail. (-10% HP) [potion of
                  | mutation]
  1566 | D        | Gained mutation: You do not regenerate when monsters are
                  | visible. [potion of mutation]
  1566 | D        | Lost mutation: One of your tentacles bears a spike. [potion
                  | of mutation]
  1566 | D        | Lost mutation: Your spells are a little easier to cast, but
                  | a little less powerful. [potion of mutation]
  1592 | D        | Arena points: 3255 (+1089) [x11]
  1606 | D        | Bought 15 scrolls of remove curse for 450 gold pieces
  1635 | D        | Round 10.
  1636 | D        | Noticed a dimme
  1652 | D        | Killed a dimme
  1652 | D        | Arena points: 4425 (+1170) [x13]
  1653 | D        | Got a barnacled rune of Zot
  1713 | D        | Bought a jewelled large shield for 332 gold pieces
  1723 | D        | Identified the cursed +0 large shield "Diliqa" {rN+ Dex+4}
                  | (You bought it in a shop in the Dungeon)
  1816 | D        | Round 11.
  1827 | D        | Noticed an iron elemental
  1836 | D        | Killed an iron elemental
  1836 | D        | Reached XP level 12. HP: 97/97 MP: 12/12
  1849 | D        | Noticed Roxanne
  1873 | D        | Noticed an iron troll
  1895 | D        | Killed Roxanne
  1904 | D        | Killed an iron troll
  1906 | D        | Arena points: 5965 (+1540) [x14]
  1906 | D        | Reached skill level 15 in Shields
  1939 | D        | Bought 3 potions of heal wounds for 105 gold pieces
  1939 | D        | Bought 3 potions of heal wounds for 105 gold pieces
  1940 | D        | Reached skill level 15 in Fighting
  1940 | D        | Reached skill level 15 in Dodging
  1940 | D        | Reached XP level 13. HP: 44/103 MP: 13/13
  1954 | D        | Round 12.
  1963 | D        | Bought 4 scrolls of enchant armour for 300 gold pieces
  1972 | D        | Noticed an eidolon
  1986 | D        | Killed an eidolon
  1986 | D        | Reached skill level 15 in Polearms
  2090 | D        | Noticed Nergalle
  2108 | D        | Killed Nergalle
  2116 | D        | Reached ****** piety under Okawaru
  2116 | D        | Received a gift from Okawaru
  2162 | D        | Arena points: 6109 (+144) [x1]
  2177 | D        | Round 13.
  2180 | D        | Bought a vibrating zirconium amulet for 45 gold pieces
  2180 | D        | Bought a clouded brass amulet for 45 gold pieces
  2180 | D        | Bought a faintly glowing bronze amulet for 45 gold pieces
  2180 | D        | Bought a faintly glowing tin amulet for 45 gold pieces
  2180 | D        | Bought a crude zirconium amulet for 45 gold pieces
  2180 | D        | Bought a transparent amethyst amulet for 45 gold pieces
  2191 | D        | Noticed a dire elephant
  2210 | D        | Killed a dire elephant
  2236 | D        | Noticed a dire elephant
  2240 | D        | Noticed a dire elephant
  2249 | D        | Killed a dire elephant
  2263 | D        | Noticed a dire elephant
  2266 | D        | Killed a dire elephant
  2282 | D        | Killed a dire elephant
  2285 | D        | Noticed a dire elephant
  2294 | D        | Killed a dire elephant
  2310 | D        | Arena points: 6369 (+260) [x2]
  2349 | D        | Round 14.
  2352 | D        | Bought 3 scrolls of identify for 150 gold pieces
  2360 | D        | Reached XP level 14. HP: 87/113 MP: 14/14
  2361 | D        | Identified the amulet "Sexziu" {Gourm rPois rF+ MR+} (You
                  | bought it in a shop in the Dungeon)
  2362 | D        | Identified the amulet "Pithorgh" {Faith Int+2} (You bought
                  | it in a shop in the Dungeon)
  2363 | D        | Identified the amulet of Eternal Harmony {Inacc Int+2} (You
                  | bought it in a shop in the Dungeon)
  2397 | D        | Noticed an emperor scorpion
  2432 | D        | Killed an emperor scorpion
  2466 | D        | Arena points: 6915 (+546) [x3]
  2477 | D        | Bought 3 potions of heal wounds for 105 gold pieces
  2501 | D        | Bought 3 scrolls of identify for 150 gold pieces
  2501 | D        | Identified the amulet of Jeextal {RegenMP rElec} (You
                  | bought it in a shop in the Dungeon)
  2502 | D        | Identified the amulet of Winannex {rC- Regen+ Dex+4} (You
                  | bought it in a shop in the Dungeon)
  2503 | D        | Identified the amulet "Uqofepaz" {Reflect rElec rC+ rN++
                  | SH+4} (You bought it in a shop in the Dungeon)
  2510 | D        | Round 15.
  2520 | D        | Noticed Fannar
  2544 | D        | Received a gift from Okawaru
  2570 | D        | Killed Fannar
  2570 | D        | Arena points: 7740 (+825) [x5]
  2571 | D        | Got an elven rune of Zot
  2572 | D        | Reached XP level 15. HP: 122/122 MP: 15/15
  2593 | D        | Bought 3 potions of mutation for 168 gold pieces
  2593 | D        | Bought a potion of mutation for 56 gold pieces
  2593 | D        | Bought 6 potions of agility for 168 gold pieces
  2593 | D        | Bought 3 potions of haste for 210 gold pieces
  2594 | D        | Bought 6 potions of might for 168 gold pieces
  2782 | D        | Round 16.
  2923 | D        | Arena points: 9276 (+1536) [x6]
  2940 | D        | Bought 3 scrolls of brand weapon for 600 gold pieces
  2984 | D        | Round 17.
  3107 | D        | Arena points: 10942 (+1666) [x7]
  3115 | D        | Bought 8 scrolls of enchant weapon for 600 gold pieces
  3139 | D        | Bought 4 potions of haste for 280 gold pieces
  3147 | D        | Bought 3 potions of heal wounds for 105 gold pieces
  3147 | D        | Bought 3 potions of heal wounds for 105 gold pieces
  3147 | D        | Bought 3 potions of heal wounds for 105 gold pieces
  3147 | D        | Bought 3 potions of heal wounds for 105 gold pieces
  3153 | D        | Round 18.
  3209 | D        | Received a gift from Okawaru
  3209 | D        | Reached XP level 16. HP: 124/132 MP: 16/16
  3224 | D        | Arena points: 12814 (+1872) [x8]
  3229 | D        | Bought 3 scrolls of identify for 150 gold pieces
  3268 | D        | Round 19.
  3274 | D        | Bought a quad damage for 400 gold pieces
  3369 | D        | Lost mutation: You do not regenerate when monsters are
                  | visible. [potion of mutation]
  3369 | D        | Lost mutation: You can translocate small distances at will.
                  | [potion of mutation]
  3369 | D        | Gained mutation: You are covered in fur. (AC +1) [potion of
                  | mutation]
  3369 | D        | Gained mutation: You passively map a small area around you.
                  | [potion of mutation]
  3422 | D        | Arena points: 15379 (+2565) [x9]
  3442 | D        | Bought 3 scrolls of silence for 225 gold pieces
  3455 | D        | Bought 2 rations for 40 gold pieces
  3455 | D        | Bought 2 rations for 40 gold pieces
  3462 | D        | Bought a bloodstained buckler for 332 gold pieces
  3462 | D        | Bought a spiked buckler for 332 gold pieces
  3462 | D        | Identified the +1 buckler of Indomitability {rPois rF+++
                  | rCorr Dex-5} (You bought it in a shop in the Dungeon)
  3464 | D        | Bought 3 scrolls of identify for 150 gold pieces
  3464 | D        | Bought 3 scrolls of identify for 150 gold pieces
  3464 | D        | Identified the +1 buckler of the Lily {-Cast rF+++ Regen+
                  | Slay-4} (You bought it in a shop in the Dungeon)
  3480 | D        | Round 20.
  3496 | D        | Noticed Mara
  3524 | D        | Killed Mara
  3524 | D        | Arena points: 18239 (+2860) [x11]
  3527 | D        | Got a silver rune of Zot
  3528 | D        | Reached XP level 17. HP: 116/141 MP: 17/17
  3555 | D        | Bought a quad damage for 400 gold pieces
  3555 | D        | Bought a quad damage for 400 gold pieces
  3576 | D        | Bought 3 potions of heal wounds for 105 gold pieces
  3576 | D        | Bought 3 potions of heal wounds for 105 gold pieces
  3576 | D        | Bought 3 potions of heal wounds for 105 gold pieces
  3730 | D        | Round 21.
  3841 | D        | Arena points: 22271 (+4032) [x12]
  3847 | D        | Bought 3 potions of experience for 900 gold pieces
  3847 | D        | Reached XP level 18. HP: 139/149 MP: 18/18
  3848 | D        | Reached XP level 19. HP: 145/155 MP: 19/19
  3849 | D        | Reached XP level 20. HP: 152/162 MP: 20/20
  3856 | D        | Round 22.
  3995 | D        | Arena points: 27133 (+4862) [x13]
  4010 | D        | Bought 5 potions of haste for 350 gold pieces
  4010 | D        | Bought 3 potions of haste for 210 gold pieces
  4017 | D        | Bought a potion of experience for 300 gold pieces
  4017 | D        | Bought a potion of experience for 300 gold pieces
  4017 | D        | Reached XP level 21. HP: 123/171 MP: 21/21
  4018 | D        | Reached XP level 22. HP: 129/178 MP: 22/22
  4065 | D        | Round 23.
  4107 | D        | Received a gift from Okawaru
  4136 | D        | Reached XP level 23. HP: 186/186 MP: 23/23
  4163 | D        | Paralysed by a great orb of eyes for 3 turns
  4167 | D        | Arena points: 31641 (+4508) [x14]
  4177 | D        | Round 24.
  4195 | D        | Noticed Geryon
  4218 | D        | Killed Geryon
  4218 | D        | Reached skill level 5 in Invocations
  4301 | D        | Received a gift from Okawaru
  4301 | D        | Reached skill level 10 in Invocations
  4302 | D        | Got a polished hat {god gift}
  4303 | D        | Identified the +0 hat of Ypazxub {Slay+3 SInv Stlth+}
                  | (Okawaru gifted it to you in the Dungeon)
  4370 | D        | Arena points: 38481 (+6840) [x15]
  4375 | D        | Bought 4 potions of curing for 84 gold pieces
  4375 | D        | Bought 4 potions of curing for 84 gold pieces
  4375 | D        | Bought 3 potions of heal wounds for 105 gold pieces
  4375 | D        | Bought 3 potions of heal wounds for 105 gold pieces
  4375 | D        | Bought 4 potions of curing for 84 gold pieces
  4375 | D        | Bought 4 potions of curing for 84 gold pieces
  4375 | D        | Bought 4 potions of curing for 84 gold pieces
  4377 | D        | Bought 3 potions of experience for 900 gold pieces
  4377 | D        | Bought 2 potions of experience for 600 gold pieces
  4377 | D        | Reached XP level 24. HP: 135/195 MP: 31/31
  4378 | D        | Reached skill level 1 in Evocations
  4378 | D        | Reached XP level 25. HP: 140/201 MP: 31/31
  4379 | D        | Reached XP level 26. HP: 144/207 MP: 32/32
  4380 | D        | Reached XP level 27. HP: 150/214 MP: 32/32
  4393 | D        | Round 25.
  4455 | D        | Arena points: 44856 (+6375) [x17]
  4455 | D        | Reached skill level 5 in Evocations
  4456 | D        | Got a slimy rune of Zot
  4491 | D        | Bought 5 potions of heal wounds for 500 gold pieces
  4491 | D        | Bought 5 potions of haste for 1000 gold pieces
  4648 | D        | Round 26.
  4702 | D        | Reached skill level 15 in Invocations
  4820 | D        | Reached skill level 10 in Evocations
  4846 | D        | Arena points: 53280 (+8424) [x18]
  4869 | D        | Bought 5 potions of haste for 1000 gold pieces
  4869 | D        | Bought a potion of mutation for 160 gold pieces
  4913 | D        | Round 27.
  4970 | D        | Received a gift from Okawaru
  4974 | D        | Noticed an ancient lich
  4988 | D        | Killed an ancient lich
  5017 | D        | Noticed an ancient lich
  5032 | D        | Killed an ancient lich
  5034 | D        | Noticed an ancient lich
  5044 | D        | Killed an ancient lich
  5048 | D        | Identified the +4 dragonskin cloak
  5048 | D        | Noticed Tiamat
  5064 | D        | Noticed an orb of fire
  5083 | D        | Killed an orb of fire
  5083 | D        | Reached skill level 15 in Evocations
  5095 | D        | Noticed an orb of fire
  5096 | D        | Killed Tiamat
  5096 | D        | Received a gift from Okawaru
  5112 | D        | Gained mutation: You are dopey. (Int -2) [an orb of fire]
  5113 | D        | Gained mutation: Your spells are a little easier to cast,
                  | but a little less powerful. [an orb of fire]
  5115 | D        | Killed an orb of fire
  5117 | D        | Reached skill level 27 in Fighting
  5129 | D        | Noticed an ancient lich
  5138 | D        | Killed an ancient lich
  5138 | D        | Reached skill level 27 in Polearms
  5138 | D        | Reached skill level 27 in Dodging
  5138 | D        | Reached skill level 27 in Shields
  5154 | D        | Arena points: 65079 (+11799) [x19]
  5170 | D        | Got a dazzling hat {god gift}
  5171 | D        | Identified the -1 hat "Tahaor" {Int+8 Slay+2} (Okawaru
                  | gifted it to you in the Dungeon)
  5177 | D        | Got the Orb of Zot
  5332 | D        | Round 28.
  5355 | D        | Gained mutation: You are very dopey. (Int -4) [a neqoxec]
  5360 | D        | Gained mutation: Your magical capacity is low. (-10% MP) [a
                  | neqoxec]
  5361 | D        | Gained mutation: You are frail. (-10% HP) [a neqoxec]
  5365 | D        | Gained mutation: You are very frail. (-20% HP) [a neqoxec]
  5377 | D        | Gained mutation: You are weak. (Str -2) [a neqoxec]
  5380 | D        | Gained mutation: Your body sometimes deteriorates upon
                  | taking damage. [a neqoxec]
  5409 | D        | Gained mutation: Your magical capacity is very low. (-20%
                  | MP) [a neqoxec]
  5411 | D        | Gained mutation: You are clumsy. (Dex -2) [a neqoxec]
  5430 | D        | Gained mutation: Your body often deteriorates upon taking
                  | damage. [a neqoxec]
  5443 | D        | Gained mutation: You tend to lose your temper in combat. [a
                  | neqoxec]
  5466 | D        | Gained mutation: Your spells are easier to cast, but less
                  | powerful. [a neqoxec]
  5514 | D        | Arena points: 80759 (+15680) [x28]
  5537 | D        | Noticed a seraph
  5546 | D        | HP: 6/179 [seraph/+7 great sword of flaming (8)]
  5557 | D        | Killed a seraph
  5557 | D        | Reached skill level 27 in Invocations
  5573 | D        | Round 29.
  5575 | D        | Noticed an orb of ice
  5580 | D        | Killed from afar by an orb of ice

Levels and vault maps discovered:
D:        arena_sprint

Skill      XL: |  1  2  3  4  5  6  7  8  9 10 11 12 13 14 15 16 17 18 19 20 21 22 23 24 25 26 27 |
---------------+----------------------------------------------------------------------------------+-----
Fighting       | 6 7 8 9 10 11 12 14 15 16 18 19 20 21 22 23 24 27 | 27.0
Shields        | 6 7 8 9 10 11 12 14 15 16 17 19 20 21 22 23 24 27 | 27.0
Polearms       | 5 6 7 8 10 11 12 14 16 17 19 20 21 22 23 24 27 | 27.0
Dodging        | 6 7 8 9 10 11 12 14 15 16 17 19 20 21 22 23 24 27 | 27.0
Invocations    | 11 12 27 | 27.0
Evocations     | 1 2 3 21 | 21.4

Action                   |  1- 3 |  4- 6 |  7- 9 | 10-12 | 13-15 | 16-18 | 19-21 | 22-24 | 25-27 || total
-------------------------+-------+-------+-------+-------+-------+-------+-------+-------+-------++-------
Melee: Trident           |    13 |    25 |    58 |   146 |       |       |       |       |       ||   242
       Constrict         |     4 |     5 |     6 |    26 |    36 |    15 |     7 |     1 |    21 ||   121
       Tentacles         |     3 |     8 |    31 |    94 |   161 |    46 |     9 |    39 |   129 ||   520
       Punch             |       |       |     3 |     5 |     5 |     2 |       |       |    12 ||    27
       Kick              |       |       |       |    15 |       |       |       |       |       ||    15
       Demon trident     |       |       |       |    51 |   370 |   132 |    41 |   146 |   361 ||  1101
Invok: Heroism           |       |       |     1 |     2 |     3 |     2 |       |     1 |     7 ||    16
       Finesse           |       |       |       |       |       |       |       |     1 |     5 ||     6
Evoke: Wand              |     4 |       |       |       |     3 |       |       |       |       ||     7
  Use: Potion            |     2 |     4 |     2 |     8 |    15 |     5 |     3 |    11 |    34 ||    84
       Scroll            |       |       |       |     2 |    20 |     4 |       |     2 |     3 ||    31
 Stab: Distracted        |       |       |     3 |     3 |     6 |     2 |     1 |     3 |     2 ||    20
  Eat: Chunk             |       |       |     1 |     2 |     9 |       |       |       |     1 ||    13
       Ration            |       |       |       |     1 |       |       |       |       |       ||     1
Armor: Skin              |     9 |     1 |     2 |     1 |     9 |       |       |     2 |     6 ||    30
Dodge: Dodged            |    19 |     8 |    12 |    35 |   113 |    22 |    10 |    20 |    92 ||   331
Block: Shield            |    14 |     6 |    18 |    58 |   211 |    53 |    26 |    76 |   159 ||   621
       Reflection        |       |       |       |       |     7 |       |    11 |     4 |     3 ||    25

Table legend:
 A = Non-vault XP
 B = Vault XP
 C = Vault XP percentage of total XP
 D = Non-vault monster count
 E = Vault monster count
 F = Vault count percentage of total count
                 A         B        C        D         E       F
            +---------+---------+-------+---------+---------+-------
      Total |  338237 |       0 |   0.0 |     282 |       0 |   0.0
            +---------+---------+-------+---------+---------+-------
          D |  338237 |       0 |   0.0 |     282 |       0 |   0.0
            +---------+---------+-------+---------+---------+-------
